 Dungeon Sprint DCSS version 0.31-a0-37-g98a128e1d9 (webtiles) character file.

Game seed: 7701674753044679238

986 sircluck the Grappler (level 7, -4/80 HPs)
             Began as a Troll Berserker on May 15, 2023.
             Was a Priest of Trog.
             Killed from afar by an electric eel (9 damage)
             ... with a bolt of electricity
             ... in the Dungeon (Sprint II: "The Violet Keep of Menkaure").
             The game lasted 00:01:09 (128 turns).

sircluck the Grappler (Troll Berserker)              Turns: 128, Time: 00:01:10

Health: -4/80      AC:  4    Str: 28    XL:     7   Next: 97%
Magic:  6/6        EV: 11    Int:  3    God:    Trog [***...]
Gold:   486        SH:  0    Dex:  7    Spells: 6/6 levels left

rFire   . .          .
                       - Unarmed
rCold   x . .        (no shield)
rNeg    . . .        a - +0 animal skin
rPois   .            (helmet restricted)
rElec   .            (no cloak)
rCorr   .            (gloves unavailable)
SInv    .            (boots unavailable)
Will    .....        (no amulet)
Stlth   +            (no ring)
HPRegen 1.13/turn    (no ring)
MPRegen 0.10/turn

%: no teleportation
@: unable to read
A: large, unfitting armour, claws 3, regeneration 1, shaggy fur 1, tough skin 1,
clumsy 1, screaming 1, cold vulnerability 1, inability to read after injury 1
a: Renounce Religion, Berserk, Trog's Hand


You were in the Dungeon.
You worshipped Trog.
Trog was most pleased with you.
You visited 1 branch You collected 486 gold pieces.

Inventory:

Armour
 a - a +0 animal skin (worn)
Scrolls
 g - a scroll of blinking
Potions
 b - a potion of curing
 c - a potion of heal wounds
 d - a potion of haste
 e - 2 potions of magic
 f - a potion of berserk rage


   Skills:
 + Level 8.2 Fighting
 + Level 8.5 Dodging
 + Level 11.7 Unarmed Combat


You had 6 spell levels left.
You didn't know any spells.
Your spell library was empty.

Dungeon Overview and Level Annotations

Branches:
Dungeon (1/1)

Altars:


Innate Abilities, Weirdness & Mutations

You are too large for most types of armour.
You have claws for hands.
Your natural rate of healing is unusually fast.
You are covered in fur. (AC +1)
You have tough skin. (AC +1)
You are clumsy. (Dex -2)
You occasionally shout uncontrollably at your foes.
You are vulnerable to cold. (rC-)
You occasionally lose the ability to read scrolls when taking damage.


Message History

You claw the neqoxec!
You kill the neqoxec!
Trog accepts your kill.
You feel your intelligence returning.
You yell at the electric eel!
A neqoxec and 2 electric eels come into view.
Found 243 gold pieces.
The neqoxec shouts!
The electric eel shoots out a bolt of lightning at you!
The bolt of electricity misses you. The bolt of electricity hits you!
You hear a shout!
You scratch the neqoxec.
The neqoxec is lightly wounded.
A neqoxec comes into view.
The electric eel shoots out a bolt of lightning at you!
The bolt of electricity hits you! The bolt of electricity hits you.
A neqoxec and 5 electric eels come into view.
You yell at the electric eel!
The neqoxec shouts!
The electric eel shoots out a bolt of lightning at you!
The bolt of electricity hits you! The neqoxec gestures at you.
Strange energies course through your body.
You feel clumsy.
The electric eel shoots out a bolt of lightning at you!
The bolt of electricity misses the electric eel.
The bolt of electricity hits you!
There is an open door here.
The neqoxec attacks as you move away! The neqoxec hits you!
You feel threatened and lose the ability to read scrolls!
* * * LOW HITPOINT WARNING * * *
You enter the shallow water.
The neqoxec misses you.
The electric eel shoots out a bolt of lightning at you!
The bolt of electricity hits you!
* * * LOW HITPOINT WARNING * * *
The electric eel shoots out a bolt of lightning at you!
The bolt of electricity hits you!
* * * LOW HITPOINT WARNING * * *
The bolt of electricity hits you!
You die...

#...##.##.#.#..#
+.#)'.<.'###'..#
#...##.##.#.#....#
##.###'###.##......~
####.######~~§....~#
#.##..# ~§§~~..~# #
##.3.# ~§§§~~~.~#
#~~##§##§~~§§§~~~~~#
#~§§@3§§~~~≈≈≈§~~~
#'§§#§§§#§≈≈


#SSSSSS§# #≈≈≈§§§≈§§# +≈§§3§S§≈§§§+ ##§≈§§§§≈≈§## ##≈S§§§§S## ####+#### You
could see 3 neqoxecs and 9 electric eels.

Vanquished Creatures
  A merfolk siren (D)
  2 wyverns (D)
  A neqoxec (D)
  4 scorpions (D)
8 creatures vanquished.

Vanquished Creatures (others)
  Menkaure (D)
1 creature vanquished.

Grand Total: 9 creatures vanquished

Notes
Turn   | Place    | Note
-------+----------+-------------------------------------------
     0 | D        | sircluck the Troll Berserker began the quest for the Orb.
     0 | D        | Reached XP level 1. HP: 22/22 MP: 0/0
     1 | D        | Noticed a scorpion
     1 | D        | Noticed a scorpion
     1 | D        | Noticed a scorpion
     1 | D        | Noticed a scorpion
     6 | D        | Killed a scorpion
     7 | D        | Reached skill level 5 in Unarmed Combat
     7 | D        | Reached XP level 2. HP: 23/32 MP: 1/1
     7 | D        | Reached XP level 3. HP: 28/39 MP: 2/2
    12 | D        | Killed a scorpion
    13 | D        | Reached skill level 5 in Fighting
    13 | D        | Reached skill level 5 in Dodging
    13 | D        | Reached skill level 6 in Unarmed Combat
    13 | D        | Reached XP level 4. HP: 24/50 MP: 3/3
    15 | D        | Killed a scorpion
    15 | D        | Reached ** piety under Trog
    16 | D        | Reached skill level 7 in Unarmed Combat
    16 | D        | Reached XP level 5. HP: 25/58 MP: 4/4
    49 | D        | Noticed a merfolk siren
    57 | D        | Killed a merfolk siren
    58 | D        | Reached skill level 10 in Unarmed Combat
    58 | D        | Reached XP level 6. HP: 63/71 MP: 5/5
    58 | D        | Reached XP level 7. HP: 69/78 MP: 6/6
    72 | D        | Noticed a neqoxec
    80 | D        | Noticed a wyvern
    80 | D        | Noticed a wyvern
    82 | D        | Killed a wyvern
    82 | D        | Reached *** piety under Trog
    85 | D        | Killed a wyvern
    86 | D        | Reached skill level 11 in Unarmed Combat
    98 | D        | Killed Menkaure
   117 | D        | Gained mutation: You occasionally lose the ability to read
                  | scrolls when taking damage. [a neqoxec]
   119 | D        | Gained mutation: You occasionally shout uncontrollably at
                  | your foes. [a neqoxec]
   120 | D        | Gained mutation: You are vulnerable to cold. (rC-) [a
                  | neqoxec]
   123 | D        | Killed a neqoxec
   124 | D        | Noticed a neqoxec
   126 | D        | Noticed a neqoxec
   127 | D        | Noticed a neqoxec
   127 | D        | Gained mutation: You are clumsy. (Dex -2) [a neqoxec]
   128 | D        | Killed from afar by an electric eel

Illustrated notes

Levels and vault maps discovered:
D:        the_violet_keep_of_menkaure [sprint2_stairs_cluster_1,
          sprint2_shoproom, sprint2_temple, sprint2_basic_supplies,
          sprint2_obstacle_7, sprint2_obstacle_3, sprint2_obstacle_1,
          sprint2_obstacle_6, sprint2_obstacle_4, sprint2_timed_cluster_1,
          sprint2_smallroom_cluster_1, sprint2_smallroom_final_cluster_1,
          sprint2_transparent_cluster_1, sprint2_second_timed_cluster_1,
          sprint2_sniper_area_1, sprint2_heavy_combat_area_1,
          sprint2_mutation_trap_area_1, sprint2_forest_area_1,
          sprint2_light_combat_area_1, sprint2_behind_water_1,
          sprint2_near_end_vault_1]

Skill      XL: |  1  2  3  4  5  6  7 |
---------------+----------------------+-----
Fighting       | 4 5 7 8 |  8.2
Dodging        | 4 5 7 8 |  8.5
Unarmed Combat | 5 6 7 10 11 | 11.7

Action                     |  1- 3 |  4- 6 |  7- 9 || total
---------------------------+-------+-------+-------++-------
  Melee: Unarmed           |     9 |    12 |    16 ||    37
         Punch             |       |       |     3 ||     3
 Armour: Animal skin       |     1 |     2 |     1 ||     4
  Dodge: Dodged            |     2 |     2 |     3 ||     7

Table legend: (Time is in decaauts)
 A = Elapsed time spent in this place.
 B = Non-inter-level travel time spent in this place.
 C = Inter-level travel time spent in this place.
 D = Time resting spent in this place.
 E = Time spent auto-exploring this place.
 F = Levels seen in this place.
 G = Mean time per level.
                   A        B        C        D        E       F      G
               +--------+--------+--------+--------+--------+-----+--------+
         Total |    122 |    107 |     15 |      0 |      2 |   1 |  122.0 |
       Dungeon |    122 |    107 |     15 |      0 |      2 |   1 |  122.0 |
               +--------+--------+--------+--------+--------+-----+--------+

Top non-repeatable levels by time:
       D: 122 daAuts
